 Dungeon Crawl Stone Soup version 0.29.1-1-gd02db6906a (webtiles) character file.

Game seed: 8389706685914762504

162 unlimited1921 the Magician (level 5, -4/35 HPs)
             Began as a Djinni Fire Elementalist on Sept 29, 2022.
             Slain by Duvessa
             ... wielding a +2 short sword of venom
              (9 damage)
             ... on level 4 of the Dungeon.
             The game lasted 00:12:10 (5464 turns).

unlimited1921 the Magician (DjFE)                   Turns: 5464, Time: 00:12:11

Health: -4/35      AC:  5    Str:  7    XL:     5   Next: 71%
Gold:   144        EV: 11    Int: 19    God:
                   SH:  0    Dex: 13

rFire   + + .      SeeInvis .   c - +0 spear
rCold   x . .      Faith    .   (no shield)
rNeg    . . .      Spirit   .   e - +0 leather armour
rPois   ∞          Reflect  .   f - +0 helmet
rElec   .          Harm     .   (no cloak)
rCorr   .          Rampage  .   l - +0 pair of gloves
Will    .....                   (boots unavailable)
Stlth   ++........              (no amulet)
HPRegen 0.11/turn               (no ring)
MPRegen 0.00/turn               (no ring)

@: flying
A: sickness immunity, fire resistance 2, cold vulnerability 1, float, innate
caster, HP casting, extra vitality 1
a: no special abilities


You were on level 4 of the Dungeon.
You visited 1 branch of the dungeon, and saw 4 of its levels.

You collected 144 gold pieces.

Inventory:

Hand Weapons
 c - a +0 spear (weapon)
Missiles
 b - 36 stones
 n - 16 poisoned darts
Armour
 a - a +0 robe
 e - a +0 leather armour (worn)
 f - a +0 helmet (worn)
 l - a +0 pair of gloves (worn)
 q - a +0 buckler
Scrolls
 d - 4 scrolls of identify {unknown}
 g - a scroll of teleportation {unknown}
 h - a scroll of noise {unknown}
 o - a scroll of enchant armour {unknown}
 s - a scroll of fear {unknown}
Potions
 i - a potion of curing {unknown}
 j - a potion of might {unknown}
 k - 2 potions of mutation {unknown}
 m - a potion of degeneration {unknown}
 p - a potion of heal wounds {unknown}
 r - a potion of attraction {unknown}


   Skills:
 + Level 0.4 Polearms
 + Level 1.4 Armour
 + Level 2.3 Dodging
 + Level 1.7 Stealth
 + Level 4.2 Spellcasting


You couldn't memorise any spells.
You knew the following spells:

 Your Spells              Type           Power      Damage    Failure   Level
a - Foxfire               Conj/Fire      80%        2x1d8     3%          1
b - Scorch                Fire           40%        2d7       5%          2
c - Conjure Flame         Conj/Fire      20%        6-21      11%         3
d - Inner Flame           Hex/Fire       20%        N/A       11%         3
e - Flame Wave            Conj/Fire      20%        2d7       34%         4
f - Beastly Appendage     Tmut           40%        N/A       3%          1
g - Poisonous Vapours     Pois/Air       40%        N/A       5%          2
Your spell library was empty.

Dungeon Overview and Level Annotations

Branches:
Dungeon (4/15)
 Temple: D:4-7

Altars:
Elyvilon
Makhleb
Uskayaw
Wu Jian
Zin

Shops:
D:2 (

Annotations:
D:2 1 runed translucent door, Crazy Yiuf
D:4 Duvessa


Innate Abilities, Weirdness & Mutations

You are immune to sickness and miasma.
You are immune to poison.
Your flesh is very heat resistant. (rF++)
You are vulnerable to cold. (rC-)
You float through the air rather than walking.
You learn spells naturally, not from books.
Your magical power is your life essence.
You have superior vitality. (+4 MHP)


Message History

Aim: Duvessa, wielding a +2 short sword of venom and wearing a +3 ring mail of positive energy (moderately wounded, poisoned) Poisonous vapours surround Duvessa!
Duvessa looks even sicker.
Duvessa misses you. The endoplasm attacks as you move away!
The endoplasm barely misses you.
You see here an adder corpse.
Duvessa attacks as you move away!
Duvessa hits you with a +2 short sword of venom.
Casting: Poisonous Vapours (safe; 5% risk of failure)
Confirm with . or Enter, or press ? or * to list all spells.
The spell is quite dangerous to miscast (11% risk of failure)!
Continue anyway?
Okay, then.
An endoplasm is nearby!
Casting: Inner Flame (quite dangerous; 11% risk of failure)
Confirm with . or Enter, or press ? or * to list all spells.
The spell is quite dangerous to miscast (11% risk of failure)!
Continue anyway?
Aiming: Inner Flame (quite dangerous; 11% risk of failure)
Press: ? - help, Dir - move target, f - endoplasm
Aim: an endoplasm (chance to affect: 87%)
The endoplasm is filled with an inner flame.
* * * LOW HITPOINT WARNING * * *
The endoplasm freezes you.
You are frozen.
You feel a terrible chill!
* * * LOW HITPOINT WARNING * * *
Casting: Inner Flame (quite dangerous; 11% risk of failure)
Confirm with . or Enter, or press ? or * to list all spells.
Aiming: Poisonous Vapours (safe; 5% risk of failure)
Press: ? - help, Dir - move target, f/p - endoplasm
Aim: an endoplasm (inner flame)
The endoplasm cannot be affected by poisonous vapours!
Unknown command.
Casting: Poisonous Vapours (safe; 5% risk of failure)
Confirm with . or Enter, or press ? or * to list all spells.
You conjure some foxfire!
* * * LOW HITPOINT WARNING * * *
The endoplasm hits you.
* * * LOW HITPOINT WARNING * * *
Duvessa barely misses you. Duvessa attacks as you move away!
Duvessa hits you with a +2 short sword of venom!
You die...

#..##..##.##......
#.###.###.##.^.... ##.#
#.##..##......
#..###.##.#...†....
##.#.........###.... ##
#....#.....### #####
...###.#.#..##.##
......v...###.#####
#....v@..........######
#
####..Je....####......#
#.###..†#.#####
######.# #.........#
##.. ###....#..## #...
#......##..########
#...
.....##.###........#
#...
#..#.##.####.......#
#...
.....#..............
.....


You could see Duvessa (very poisoned) and an endoplasm (inner flame, ally
target).

Vanquished Creatures
  A scorpion (D:4)
  5 adders
  A worm (D:3)
  2 dart slugs
  An orc (D:3)
  4 bats
  9 endoplasms
  2 giant cockroaches
  5 goblins
  5 hobgoblins
  4 jackals
  2 quokkas
  4 ball pythons
  2 frilled lizards
  2 kobolds
  3 rats
52 creatures vanquished.

Vanquished Creatures (others)
  137 foxfires
  A plant (D:2)
138 creatures vanquished.

Grand Total: 190 creatures vanquished

Notes
Turn   | Place    | Note
-------+----------+-------------------------------------------
     0 | D:1      | unlimited1921 the Djinni Fire Elementalist began the quest
                  | for the Orb.
     0 | D:1      | unlimited1921 set off with the following spells memorised:
                  | Foxfire, Scorch, Conjure Flame, Inner Flame, Flame Wave.
     0 | D:1      | Reached XP level 1. HP: 15/15 MP: 0/0
   591 | D:1      | Reached XP level 2. HP: 18/21 MP: 0/0
  1630 | D:1      | Reached skill level 3 in Spellcasting
  1649 | D:1      | Reached XP level 3. HP: 13/25 MP: 0/0
  1649 | D:1      | Learned a level 1 spell: Beastly Appendage
  2602 | D:2      | Found Muolumie's Antique Weapon Shoppe.
  3322 | D:2      | Found a faded altar of an unknown god.
  3396 | D:2      | Found a runed translucent door.
  3397 | D:2      | Noticed Crazy Yiuf
  3559 | D:2      | Reached skill level 1 in Armour
  3794 | D:3      | Reached XP level 4. HP: 29/31 MP: 0/0
  5091 | D:3      | Found a burning altar of Makhleb.
  5091 | D:3      | Found a white marble altar of Elyvilon.
  5099 | D:3      | Found a hide-covered altar of Uskayaw.
  5116 | D:3      | Found a glowing silver altar of Zin.
  5118 | D:3      | Found an ornate altar of the Wu Jian Council.
  5206 | D:4      | Noticed a scorpion
  5210 | D:4      | Killed a scorpion
  5211 | D:4      | Reached skill level 4 in Spellcasting
  5211 | D:4      | Reached XP level 5. HP: 26/35 MP: 0/0
  5211 | D:4      | Learned a level 2 spell: Poisonous Vapours
  5442 | D:4      | Noticed Duvessa
  5464 | D:4      | Slain by Duvessa

Illustrated notes

Levels and vault maps discovered:
D:1:      dpeg_arrival_arbitrary_a, layout_loops_ring, glass_columns_b
D:2:      layout_rooms, serial_shops, shop,
          ebering_ecumenical_altar_sacrificial, serial_forest,
          infiniplex_forest_clump_C, infiniplex_forest_lined_room_2,
          infiniplex_forest_clump_double, infiniplex_forest_lined_3,
          uniq_crazy_yiuf_cottage
D:3:      layout_loops_ring, chequers_temple_overflow_minitemple
D:4:      layout_rooms, overflow_temple_1_default,
          nicolae_hepliaklqana_hippocampus, uniq_duvessa

Skill      XL: |  1  2  3  4 |
---------------+-------------+-----
Spellcasting   | 3 4 |  4.2
Armour         | 1 |  1.4
Polearms       | |  0.4
Dodging        | |  2.3
Stealth        | |  1.7

Action                   |  1- 3 |  4- 6 || total
-------------------------+-------+-------++-------
Melee: Spear             |    22 |       ||    22
       Punch             |     1 |       ||     1
 Cast: Foxfire           |    63 |    29 ||    92
       Scorch            |     1 |    13 ||    14
       Inner Flame       |       |     3 ||     3
       Poisonous Vapours |       |     7 ||     7
Armor: Leather armour    |     6 |     3 ||     9
Dodge: Dodged            |     8 |     5 ||    13
